 Dungeon Crawl Stone Soup version 0.31-a0-977-gc230f8ef24 (webtiles) character file.

Game seed: 7848589140394149617

3 Azuregosa the Sneak (level 1, 7/7 HPs)
             Began as a Felid Air Elementalist on Oct 29, 2023.
             Quit the game on level 1 of the Dungeon.
             The game lasted 00:00:39 (89 turns).

Azuregosa the Sneak (Felid Air Elementalist)          Turns: 89, Time: 00:00:39

Health: 7/7        AC:  1    Str:  4    XL:     1   Next: 41%
Magic:  4/4        EV: 17    Int: 16    God:
Gold:   0          SH:  0    Dex: 16    Spells: 3/4 levels left
                                        Lives:  0   Deaths: 1

rFire   . . .        (weapon unavailable)
rCold   . . .        (shield unavailable)
rNeg    . . .        (body armour unavailable)
rPois   .            (helmet unavailable)
rElec   .            (cloak unavailable)
rCorr   .            (gloves unavailable)
SInv    +            (boots unavailable)
Will    .....        (no amulet)
Stlth   ++           (no ring)
HPRegen 0.21/turn    (no ring)
MPRegen 0.09/turn

%: no passive effects
@: quick
A: very small, claws 1, fangs 3, see invisible, speed 1, shaggy fur 1, stealthy
paws, no weapons or thrown items, no armour, multi-lived
a: no special abilities


You were on level 1 of the Dungeon.
You visited 1 branch of the dungeon, and saw 1 of its levels.

Inventory:

Missiles
 b - 3 stones
Scrolls
 d - a scroll of teleportation {unknown}
 e - a scroll of identify {unknown}
Potions
 a - a potion of magic
 c - a potion of attraction {unknown}


   Skills:
 - Level 2.6 Dodging
 + Level 3.2 Stealth
 - Level 2.0 Spellcasting
 - Level 0.8 Conjurations
 - Level 2.6 Air Magic


You had 3 spell levels left.
You knew the following spells:

 Your Spells              Type           Power      Damage    Failure   Level
a - Shock                 Conj/Air       28%        1d4       10%         1

Your spell library contained the following spells:

 Spells                   Type           Power      Damage    Failure   Level
 Static Discharge         Conj/Air       14%        3-4/arc   16%         2
 Swiftness                Air            10%        N/A       21%         3
 Airstrike                Air            5%         2d(1-17)  56%         4


Dungeon Overview and Level Annotations

Branches:
Dungeon (1/15)

Altars:


Innate Abilities, Weirdness & Mutations

You have sharp claws.
You have razor-sharp teeth.
You have supernaturally acute eyesight. (SInv)
You cover ground quickly. (Speed+)
You are covered in fur. (AC +1)
Your paws help you pounce on unaware monsters.
You are incapable of wielding weapons or throwing items.
You cannot wear armour.
You gain extra lives every three experience levels.


Message History

The quokka completely misses you.
You scratch the quokka but do no damage.
The quokka is heavily wounded.
The quokka closely misses you.
You completely miss the quokka. You bite the quokka.
You kill the quokka!
Your Stealth skill increases to level 3!
You see here a quokka corpse.
e - a scroll labelled RUZUAFO HUAD A kobold comes into view.
It is wielding a +0 dagger.
Found a chain mail.
The helpless kobold fails to defend itself.
You scratch the kobold.
You kill the kobold!
Things that are here:
a +0 dagger; a kobold corpse
Found a mace.
Found a dagger.
You see here a +0 dagger.
An endoplasm and a goblin come into view.
The endoplasm quivers.
The endoplasm hits you.
You barely miss the endoplasm.
The goblin shouts!
The endoplasm freezes you.
You are frozen.
Ouch! That really hurt!
* * * LOW HITPOINT WARNING * * *
You scratch the endoplasm.
The endoplasm is lightly wounded.
The endoplasm closely misses you.
You scratch the endoplasm.
The endoplasm is moderately wounded.
The endoplasm freezes you.
You are frozen.
Ouch! That really hurt!
You die...
You rejoin the land of the living...
Found a blue potion.
Are you sure you want to abandon this character and quit the game? (Confirm with "yes".)

#..#..### #..+..'<>
#..#..### #..#...## ###
#..#.⌠... ..# #..#.....
#.########..##.⌠..
..#####...........##....
#......@..........###...
################..####''
#........ #...†....
#########


There were no monsters in sight!

Vanquished Creatures
  An endoplasm (D:1)
  A quokka (D:1)
  A kobold (D:1)
3 creatures vanquished.

Notes
Turn   | Place    | Note
-------+----------+-------------------------------------------
     0 | D:1      | Azuregosa the Felid Air Elementalist began the quest for
                  | the Orb.
     0 | D:1      | Reached XP level 1. HP: 7/7 MP: 4/4
    29 | D:1      | Reached skill level 3 in Stealth
    88 | D:1      | Frozen to death by an endoplasm
    89 | D:1      | Quit the game

Illustrated notes

Levels and vault maps discovered:
D:1:      dpeg_arrival_refuge, layout_loops_ring

Skill      XL: |  1 |
---------------+----+-----
Stealth        | 3 |  3.2
Dodging        | |  2.6
Spellcasting   | |  2.0
Conjurations   | |  0.8
Air Magic      | |  2.6

Action                     || total
---------------------------++-------
  Melee: Unarmed           ||     8
         Bite              ||     1
   Stab: Sleeping          ||     3
 Armour: Skin              ||     1
  Dodge: Dodged            ||     3

Table legend: (Time is in decaauts)
 A = Elapsed time spent in this place.
 B = Non-inter-level travel time spent in this place.
 C = Inter-level travel time spent in this place.
 D = Time resting spent in this place.
 E = Time spent auto-exploring this place.
 F = Levels seen in this place.
 G = Mean time per level.
                   A        B        C        D        E       F      G
               +--------+--------+--------+--------+--------+-----+--------+
         Total |     74 |     74 |      0 |      0 |     37 |   1 |   74.0 |
       Dungeon |     74 |     74 |      0 |      0 |     37 |   1 |   74.0 |
               +--------+--------+--------+--------+--------+-----+--------+

Top non-repeatable levels by time:
     D:1: 74 daAuts
